 Dungeon Crawl Stone Soup version 0.29-a0-559-g359e09b9d1 (webtiles) character file.

Game seed: 9769216034652041835

25 Essalna the Ruffian (level 2, -5/24 HPs)
             Began as a Draconian Transmuter on June 10, 2022.
             Slain by Sigmund
             ... wielding a +0 scythe
              (10 damage)
             ... on level 2 of the Dungeon.
             The game lasted 00:01:39 (868 turns).

Essalna the Ruffian (Draconian Transmuter)           Turns: 868, Time: 00:01:39

Health: -5/24      AC:  4    Str: 12    XL:     2   Next: 86%
Magic:  4/5        EV: 12    Int: 13    God:
Gold:   33         SH:  0    Dex: 11    Spells: 4/5 levels left

rFire   . . .      SeeInvis .     - Unarmed
rCold   . . .      Faith    .   (no shield)
rNeg    . . .      Spirit   .   (body armour unavailable)
rPois   .          Reflect  .   (helmet currently unavailable)
rElec   .          Harm     .   (no cloak)
rCorr   .          Rampage  .   (no gloves)
Will    .....                   (boots currently unavailable)
Stlth   +.........              (no amulet)
HPRegen 0.08/turn               (no ring)
MPRegen 0.09/turn               (no ring)

@: appendages (expiring)
A: horns 2, talons 2, AC +4, unfitting armour, cold-blooded
a: End Transformation


You were on level 2 of the Dungeon.
You had temporarily grown beastly horns and talons.
You visited 1 branch of the dungeon, and saw 2 of its levels.

You collected 33 gold pieces.

Inventory:

Scrolls
 b - a scroll of noise {unknown}
 e - a scroll of poison {unknown}
Potions
 a - a potion of lignification
 c - a potion of curing {unknown}
 d - a potion of degeneration {unknown}


   Skills:
 + Level 1.7 Fighting
 + Level 2.2 Dodging
 + Level 3.3 Unarmed Combat
 - Level 2.0 Spellcasting
 + Level 2.4 Transmutations


You had 4 spell levels left.
You knew the following spells:

 Your Spells              Type           Power      Damage    Failure   Level
a - Beastly Appendage     Tmut           14%        N/A       10%         1

Your spell library contained the following spells:

 Spells                   Type           Power      Damage    Failure   Level
 Wereblood                Tmut           7%         N/A       14%         2
 Spider Form              Tmut/Pois      4%         N/A       43%         3
 Ice Form                 Ice/Tmut       4%         N/A       83%         4


Dungeon Overview and Level Annotations

Branches:
Dungeon (2/15)

Altars:

Annotations:
D:2 Sigmund


Innate Abilities, Weirdness & Mutations

You have temporarily grown beastly horns and talons.
Your plain brown scales are hard. (AC +4)
You cannot fit into any form of body armour.
You are cold-blooded and may be slowed by cold attacks.


Message History

A goblin is nearby!
You grow a pair of large bovine horns.
Your feet morph into talons.
You hit the goblin.
You kill the goblin!
No target in view!
No target in view!
Your transformation is almost over.
Magic restored.
Things that are here:
a +0 club; a goblin corpse
e - a scroll labelled BISAIB NURE Your horns disappear.
Your talons disappear.
Sigmund the Dreaded comes into view.
He is wielding a +0 scythe.
You grow a pair of large bovine horns.
Your feet morph into talons.
Sigmund barely misses you.
You hit Sigmund. Your kick misses Sigmund. You headbutt Sigmund!
Sigmund is heavily wounded.
You hit Sigmund. Your kick misses Sigmund. Your headbutt misses Sigmund.
Sigmund is heavily wounded.
Your transformation is almost over.
Sigmund hits you with a +0 scythe!
Ouch! That really hurt!
You hit Sigmund. Your kick misses Sigmund.
Sigmund is severely wounded.
You hit Sigmund. You claw Sigmund, but do no damage.
Sigmund is severely wounded.
Sigmund casts a spell at you. The magic dart hits you!
* * * LOW HITPOINT WARNING * * *
You barely miss Sigmund. You punch Sigmund.
Sigmund is severely wounded.
Sigmund casts a spell at you. You resist with significant effort.
You barely miss Sigmund. Your kick misses Sigmund.
Sigmund is severely wounded.
Sigmund hits you but does no damage.
You completely miss Sigmund.
Sigmund is severely wounded.
Sigmund hits you with a +0 scythe!
You die...

..# #..
####### #..
#.....# ..
####...<.##.#
.......).#..#
####.....#.#
#.....@@#
#########


You could see Sigmund.

Vanquished Creatures
  A dart slug (D:1)
  5 endoplasms (D:1)
  A giant cockroach (D:1)
  2 goblins
  A quokka (D:1)
  4 ball pythons (D:1)
  A bat (D:1)
  3 frilled lizards (D:1)
  3 kobolds (D:1)
  2 rats (D:1)
23 creatures vanquished.

Notes
Turn   | Place    | Note
-------+----------+-------------------------------------------
     0 | D:1      | Essalna the Draconian Transmuter began the quest for the
                  | Orb.
     0 | D:1      | Reached XP level 1. HP: 16/16 MP: 3/3
   153 | D:1      | Reached XP level 2. HP: 20/23 MP: 3/5
   855 | D:2      | Noticed Sigmund
   868 | D:2      | Slain by Sigmund

Illustrated notes

Levels and vault maps discovered:
D:1:      dreamdust_arrival_sigmund_warning, layout_basic
D:2:      layout_rooms, st_stairs_13, kennysheep_doodads, uniq_sigmund,
          uniq_crazy_yiuf_cottage, uniq_robin

Skill      XL: |  1 |
---------------+----+-----
Dodging        | 2 |  2.2
Fighting       | |  1.7
Unarmed Combat | |  3.3
Spellcasting   | |  2.0
Transmutations | |  2.4

Action                   || total
-------------------------++-------
Melee: Unarmed           ||    56
       Kick              ||    12
       Headbutt          ||     3
       Tailslap          ||     2
       Punch             ||     1
 Cast: Beastly Appendage ||    19
Armor: Skin              ||    18
Dodge: Dodged            ||    30

Table legend: (Time is in decaauts)
 A = Elapsed time spent in this place.
 B = Non-inter-level travel time spent in this place.
 C = Inter-level travel time spent in this place.
 D = Time resting spent in this place.
 E = Time spent auto-exploring this place.
 F = Levels seen in this place.
 G = Mean time per level.
                   A        B        C        D        E       F      G
               +--------+--------+--------+--------+--------+-----+--------+
         Total |    867 |    853 |     14 |      0 |    659 |   2 |  433.5 |
       Dungeon |    867 |    853 |     14 |      0 |    659 |   2 |  433.5 |
               +--------+--------+--------+--------+--------+-----+--------+

Top non-repeatable levels by time:
     D:1: 839 daAuts
     D:2: 28 daAuts
